[Event "*** Titled Tuesday Blitz"]
[Site "Chess.com"]
[Date "2021.02.16"]
[Round "7"]
[White "harlem4brew"]
[Black "ehrenfeld"]
[Result "1-0"]
[WhiteElo "2318"]
[BlackElo "2466"]
[TimeControl "180+1"]
[EndTime "11:16:14 PST"]
[Termination "harlem4brew won by resignation"]

1. e4 e5 2. Nf3 Nc6 3. Bb5 a6 4. Ba4 Nf6 5. d3 d6 6. O-O g6 7. h3 Bg7 8. Be3 O-O 9. Qd2 b5 10. Bb3 Bb7 11. a4 d5 12. axb5 axb5 13. Rxa8 Bxa8 14. exd5 Nxd5 15. Bxd5 Qxd5 16. Nc3 Qd7 17. Nxb5 f5 18. Nc3 Nd4 19. Ne1 c5 20. Ne2 Qc6 21.
Bxd4 cxd4 22. f4 Re8 23. fxe5 Bxe5 24. Nf3 Bf6 25. Nexd4 Qb6 26. c3 Bxf3 27. Rxf3 Bxd4+ 28. cxd4 Qxd4+ 29. Kh1 Rb8 30. Qc3 Qb4 31. Rf2 Qe7 32.
Rc2 h5 33. Qc4+ Kg7 34. Qd4+ Kh6 35. Qf4+ 1-0

[Event "*** Titled Tuesday Blitz"]
[Site "Chess.com"]
[Date "2021.02.16"]
[Round "7"]
[White "Chernov_Alexander_A"]
[Black "Doudou2015"]
[Result "1-0"]
[WhiteElo "2283"]
[BlackElo "2051"]
[TimeControl "180+1"]
[EndTime "11:16:15 PST"]
[Termination "Chernov_Alexander_A won by resignation"]

1. e4 c5 2. Nf3 Nc6 3. c3 e5 4. d4 cxd4 5. cxd4 exd4 6. Nxd4 Bc5 7. Nb3 Bb6 8. Bc4 Ne5 9. Be2 Ne7 10. Nc3 O-O 11. O-O d6 12. Kh1 h6 13. f4 N5g6 14.
Bf3 f5 15. Nd4 fxe4 16. Bxe4 Nf5 17. Nxf5 Rxf5 18. Bxf5 Bxf5 19. Qd5+ Kh7 20. Qxf5 Qh4 21. Bd2 Rf8 22. Qe4 1-0

[Event "*** Titled Tuesday Blitz"]
[Site "Chess.com"]
[Date "2021.02.16"]
[Round "7"]
[White "seorobert1971"]
[Black "ural58"]
[Result "0-1"]
[WhiteElo "2715"]
[BlackElo "2549"]
[TimeControl "180+1"]
[EndTime "11:16:16 PST"]
[Termination "ural58 won by resignation"]

1. d4 d5 2. c4 e5 3. dxe5 d4 4. Nf3 Nc6 5. a3 g6 6. e3 Bg4 7. Be2 Bxf3 8. Bxf3 Nge7 9. exd4 Qxd4 10. Bxc6+ Nxc6 11. O-O O-O-O 12. Qxd4 Rxd4 13. b3 Bg7 14. f4 Rd3 15.
Nd2 f6 16. exf6 Bxf6 17. Rb1 Re8 18. Nf3 Nd4 19. Nxd4 Bxd4+ 20. Kh1 Re2 21. g3 h5 22. b4 h4 23. f5 gxf5 24. Bf4 h3 25. Rfd1 Rxd1+ 26.
Rxd1 Bb2 27. a4 b6 28. Kg1 Rg2+ 29. Kh1 Rc2 30. Rd5 Rxc4 31. Rxf5 Rxb4 32. Rh5 Rxa4 33. Rxh3 a5 34. Rh8+ Bxh8 0-1

[Event "*** Titled Tuesday Blitz"]
[Site "Chess.com"]
[Date "2021.02.16"]
[Round "7"]
[White "bakki78"]
[Black "OriTaichman"]
[Result "1-0"]
[WhiteElo "2721"]
[BlackElo "2549"]
[TimeControl "180+1"]
[EndTime "11:16:18 PST"]
[Termination "bakki78 won by resignation"]

1. e4 c5 2. c3 d6 3. d4 Nf6 4.
Bd3 e5 5. dxe5 dxe5 6. Nf3 Nc6 7.
Qe2 Qc7 8. O-O Be7 9. Nbd2 O-O 10. Nc4 b5 11. Ne3 c4 12. Bc2 Rd8 13. a4 Nd4 14. cxd4 exd4 15. Nxd4 Rxd4 16. axb5 Rb8 17. Nd5 Nxd5 18.
exd5 Rh4 19. g3 Rh3 20. Bf4 Qd8 21. Bxb8 Bb7 22. d6 Bf6 23. Bc7 Qa8 24. d7 Bh1 25.
Qe8+ 1-0

[Event "*** Titled Tuesday Blitz"]
[Site "Chess.com"]
[Date "2021.02.16"]
[Round "7"]
[White "verdest"]
[Black "BairaKovanova"]
[Result "0-1"]
[WhiteElo "2491"]
[BlackElo "2462"]
[TimeControl "180+1"]
[EndTime "11:16:18 PST"]
[Termination "BairaKovanova won by resignation"]

1. d4 Nf6 2. c4 e6 3. Nc3 Bb4 4. Nf3 b6 5. Bg5 h6 6. Bh4 g5 7.
Bg3 Bb7 8. e3 Ne4 9. Qc2 Bxc3+ 10. bxc3 d6 11. Bd3 f5 12. Nd2 Nxg3 13. hxg3 Qf6 14.
Rh2 Nd7 15. a4 a5 16. Rb1 O-O-O 17. Nb3 f4 18. gxf4 gxf4 19. e4 e5 20. c5 dxc5 21. dxc5 Kb8 22. c6 Qxc6 23. Rh5 Qxa4 24. Ra1 Qc6 0-1

[Event "*** Titled Tuesday Blitz"]
[Site "Chess.com"]
[Date "2021.02.16"]
[Round "7"]
[White "BigAl"]
[Black "Andrakhanova"]
[Result "1-0"]
[WhiteElo "2468"]
[BlackElo "2274"]
[TimeControl "180+1"]
[EndTime "11:16:23 PST"]
[Termination "BigAl won by resignation"]

1. Nf3 d5 2. g3 c6 3. Bg2 Nf6 4. O-O g6 5. d3 Bg7 6. Nbd2 O-O 7. e4 Nbd7 8. e5 Ne8 9. d4 f6 10. exf6 Bxf6 11. Re1 Qc7 12. c4 e5 13. dxe5 Nxe5 14.
cxd5 Nd3 15. Re3 Nxb2 16. Qb3 Qb6 17. dxc6+ Qxb3 18. Rxb3 Nd3 19. cxb7 Bxb7 20. Rab1 Nxc1 21. Rxb7 Nd3 22. Ne4 Bg7 23. Nfg5 Bd4 24. Ne6 Bxf2+ 25. Nxf2 Rxf2 26. R7b3 Rd2 27. Bxa8 Nf2 28. Bg2 1-0

[Event "*** Titled Tuesday Blitz"]
[Site "Chess.com"]
[Date "2021.02.16"]
[Round "7"]
[White "Loy_Konstantin"]
[Black "WonderChampion"]
[Result "1-0"]
[WhiteElo "2383"]
[BlackElo "2101"]
[TimeControl "180+1"]
[EndTime "11:16:24 PST"]
[Termination "Loy_Konstantin won by resignation"]

1. e4 c5 2. Nf3 g6 3. d4 cxd4 4. Nxd4 Nc6 5. Nc3 Nf6 6. Be3 Bg7 7. Bc4 O-O 8. Bb3 d6 9. f3 a5 10. a4 Bd7 11. Qd2 Nxd4 12. Bxd4 Rc8 13. O-O Qc7 14. Qf2 Ra8 15. Rad1 Bc6 16. Rfe1 Nd7 17. Bxg7 Kxg7 18.
Qd4+ Kg8 19. Bd5 Rfc8 20. Bxc6 Qxc6 21. Nd5 Qxc2 22. Nxe7+ Kf8 23. Nxc8 Rxc8 24. Qxd6+ Kg8 25. Qxd7 Qc5+ 26. Qd4 Qc2 27. h3 Qc7 28. Qe3 Qe7 29.
Rd2 Qb4 30. Red1 Qxa4 31. Rd8+ Rxd8 32. Rxd8+ Kg7 33. Qd4+ 1-0

[Event "*** Titled Tuesday Blitz"]
[Site "Chess.com"]
[Date "2021.02.16"]
[Round "7"]
[White "AntonovaNadezhda"]
[Black "EnergeticHay"]
[Result "1/2-1/2"]
[WhiteElo "2152"]
[BlackElo "2343"]
[TimeControl "180+1"]
[EndTime "11:16:25 PST"]
[Termination "Game drawn by agreement"]

1. b3 e5 2. Bb2 Nc6 3. e3 d5 4. d4 exd4 5. exd4 Nf6 6. Bd3 Be7 7. Nf3 Bg4 8. O-O O-O 9. h3 Bh5 10. Nbd2 Nb4 11. Be2 Nc6 12. Ne5 Bxe2 13. Qxe2 Qd6 14. Nxc6 bxc6 15. Rfe1 Rfe8 16. Nf3 Ne4 17. c4 Bf6 18. c5 Qf4 19. Qe3 Qxe3 20. Rxe3 Nxc5 21. Rc1 Rxe3 22. fxe3 Nd3 23. Rc2 Nxb2 24. Rxb2 c5 25. Rc2 cxd4 26. exd4 Rc8 27. Rc6 Kf8 28. Ra6 Ra8 29.
Rc6 Rc8 30. Ra6 c5 31. dxc5 Rxc5 32. Rxa7 Rc3 33. Rd7 Rc2 34. Rxd5 1/2-1/2

[Event "*** Titled Tuesday Blitz"]
[Site "Chess.com"]
[Date "2021.02.16"]
[Round "7"]
[White "kuba2006"]
[Black "AlexNovitz"]
[Result "1-0"]
[WhiteElo "2373"]
[BlackElo "2199"]
[TimeControl "180+1"]
[EndTime "11:16:30 PST"]
[Termination "kuba2006 won by resignation"]

1. e4 e6 2. d4 d5 3. e5 c5 4. c3 Nc6 5. Nf3 Qb6 6. Bd3 Bd7 7. dxc5 Bxc5 8. O-O Nh6 9. b4 Be7 10. Bxh6 gxh6 11. Qd2 O-O-O 12. a4 d4 13. a5 dxc3 14. Nxc3 Qxb4 15. Rfb1 Qg4 16. Be4 Rhg8 17. g3 Bb4 18. a6 b6 19. Rxb4 Be8 20. Bxc6 Qxb4 21. Bb7+ Kc7 22. Nd5+ 1-0

[Event "*** Titled Tuesday Blitz"]
[Site "Chess.com"]
[Date "2021.02.16"]
[Round "7"]
[White "beto-betun"]
[Black "Tactictic"]
[Result "0-1"]
[WhiteElo "2184"]
[BlackElo "2415"]
[TimeControl "180+1"]
[EndTime "11:16:30 PST"]
[Termination "Tactictic won by resignation"]

1. d4 Nf6 2. Nf3 d5 3. g3 e6 4. Bg2 c5 5. O-O Nc6 6. c4 cxd4 7.
cxd5 Qxd5 8. Bg5 Be7 9. Nbd2 O-O 10. Nb3 h6 11. Nfxd4 Qxg5 12. Nxc6 bxc6 13. Bxc6 Rb8 14. h4 Qf5 15. Bg2 Rd8 16. Qc1 Ba6 17. Qe3 Bb7 18. Bxb7 Rxb7 19. Rfd1 Rbd7 20. Rxd7 Rxd7 21. Rc1 Ng4 22. Qf3 Qxf3 23. exf3 Ne5 24. Kg2 Nd3 25. Rc2 Bf6 26. Nc5 Rc7 27. Rd2 Nxc5 0-1

[Event "*** Titled Tuesday Blitz"]
[Site "Chess.com"]
[Date "2021.02.16"]
[Round "7"]
[White "Gahan-MG"]
[Black "drragnar1"]
[Result "1-0"]
[WhiteElo "2651"]
[BlackElo "2425"]
[TimeControl "180+1"]
[EndTime "11:16:32 PST"]
[Termination "Gahan-MG won by resignation"]

1. e4 c5 2. c3 d5 3. exd5 Qxd5 4. d4 Nf6 5. Nf3 Nc6 6. Be3 Bf5 7. c4 Qd8 8. d5 Nb4 9. Na3 Qa5 10. Bd2 Ne4 11. Be2 Nxd2 12. Qxd2 e6 13. O-O Be7 14. d6 O-O-O 15.
Nb5 Qb6 16. Rfd1 a6 17. a3 axb5 18. axb4 Bxd6 19. bxc5 Bxc5 20. Ra8+ 1-0

[Event "*** Titled Tuesday Blitz"]
[Site "Chess.com"]
[Date "2021.02.16"]
[Round "7"]
[White "bocah_sakit"]
[Black "PaulfromSPb"]
[Result "1-0"]
[WhiteElo "2842"]
[BlackElo "2609"]
[TimeControl "180+1"]
[EndTime "11:16:35 PST"]
[Termination "bocah_sakit won by resignation"]

1. e4 c5 2. Nf3 a6 3. Nc3 b5 4. d4 b4 5. Nd5 e6 6. Ne3 Bb7 7. d5 Nf6 8. dxe6 dxe6 9. Qxd8+ Kxd8 10. Ne5 Ke8 11. f3 Nc6 12. N5c4 Rd8 13. a3 Nd7 14. axb4 cxb4 15. Be2 Bc5 16. Na5 Nxa5 17. Rxa5 Bb6 18. Ra4 a5 19. Bb5 Ke7 20. Nc4 Bc7 21. Nxa5 Bxa5 22.
Rxa5 Ra8 23. Bd2 b3 24. cxb3 Rxa5 25. Bxa5 Ra8 26. Bb4+ Kf6 27. Kf2 Nb6 28. Rc1 Ra2 29.
Kg3 Kg6 30. Rc7 Ba6 31. Ra7 Rxb2 32. Rxa6 Rxb3 33. Rxb6 Rxb4 34. e5 Kg5 35. Rb7 h5 36.
h4+ Kh6 37. Bc6 Rc4 38. Be4 1-0

[Event "*** Titled Tuesday Blitz"]
[Site "Chess.com"]
[Date "2021.02.16"]
[Round "7"]
[White "ChainsOfFantasia"]
[Black "ChronicUnhappiness"]
[Result "1-0"]
[WhiteElo "2484"]
[BlackElo "2321"]
[TimeControl "180+1"]
[EndTime "11:16:39 PST"]
[Termination "ChainsOfFantasia won by resignation"]

1. d4 Nf6 2. c4 e6 3. Nf3 d5 4. Nc3 Bb4 5. Bg5 h6 6. Bxf6 Qxf6 7. e3 O-O 8. Rc1 dxc4 9. Bxc4 c5 10. O-O cxd4 11. Ne4 Qe7 12. Qxd4 Nc6 13. Qd3 Rd8 14.
Qe2 Bd7 15. a3 Ba5 16. b4 Bb6 17. Rfd1 Be8 18. Bd3 Rac8 19. h4 f5 20. Ng3 Bf7 21. b5 Na5 22. Ne5 Qxh4 23. Bb1 Be8 24. Ba2 Qf6 25.
f4 Bc7 26. Rxd8 Rxd8 27. Rxc7 Bxb5 28. Qxb5 Rd1+ 29. Nf1 1-0

[Event "*** Titled Tuesday Blitz"]
[Site "Chess.com"]
[Date "2021.02.16"]
[Round "7"]
[White "1g60-1"]
[Black "WilliamSchill"]
[Result "0-1"]
[WhiteElo "2094"]
[BlackElo "2052"]
[TimeControl "180+1"]
[EndTime "11:16:39 PST"]
[Termination "WilliamSchill won by resignation"]

1. Nf3 Nf6 2. c4 g6 3. Nc3 Bg7 4. e4 d6 5. d4 O-O 6. h3 e5 7. dxe5 dxe5 8. Qxd8 Rxd8 9. Bg5 c6 10. Nxe5 Re8 11. f4 Na6 12. O-O-O Nc5 13. Bd3 Be6 14. b3 h6 15. Bh4 Nh5 16. Rhf1 Nxf4 0-1

[Event "*** Titled Tuesday Blitz"]
[Site "Chess.com"]
[Date "2021.02.16"]
[Round "7"]
[White "IsaacWiebe"]
[Black "Atco84"]
[Result "1-0"]
[WhiteElo "2232"]
[BlackElo "2444"]
[TimeControl "180+1"]
[EndTime "11:16:43 PST"]
[Termination "IsaacWiebe won by resignation"]

1. d4 e6 2. e4 d5 3. Nc3 dxe4 4. Nxe4 Bd7 5. Nf3 Bc6 6. Neg5 Nd7 7. Nxf7 Kxf7 8.
Ng5+ Ke7 9. Bc4 Nb6 10. Bxe6 Kf6 11. Qg4 Bb4+ 12. c3 Nh6 13. Qf4+ Kg6 14. Bf7+ 1-0

[Event "*** Titled Tuesday Blitz"]
[Site "Chess.com"]
[Date "2021.02.16"]
[Round "7"]
[White "NikolaN98"]
[Black "elcandado"]
[Result "1-0"]
[WhiteElo "2491"]
[BlackElo "2646"]
[TimeControl "180+1"]
[EndTime "11:16:45 PST"]
[Termination "NikolaN98 won by resignation"]

1. f4 d5 2. Nf3 Bf5 3. b3 e6 4.
Bb2 h6 5. e3 Nf6 6. d3 Be7 7.
Nbd2 c5 8. g3 Nc6 9. Bg2 Bh7 10.
O-O O-O 11. Ne5 Nxe5 12. fxe5 Nd7 13. Qe2 Qc7 14. Nf3 b5 15. Rf2 Rac8 16. Raf1 c4 17. bxc4 bxc4 18. d4 Qa5 19. a3 c3 20. Bc1 Bxa3 21.
Bxa3 Qxa3 22. g4 Qb2 23. g5 h5 24. Nh4 a5 25. Qxh5 a4 26. Rxf7 Qxc2 27. g6 Rxf7 28.
Qxh7+ 1-0

[Event "*** Titled Tuesday Blitz"]
[Site "Chess.com"]
[Date "2021.02.16"]
[Round "7"]
[White "IngOscarArdila"]
[Black "BvsN"]
[Result "1-0"]
[WhiteElo "2172"]
[BlackElo "2352"]
[TimeControl "180+1"]
[EndTime "11:16:46 PST"]
[Termination "IngOscarArdila won by checkmate"]

1. d4 d5 2. Nf3 Nf6 3. g3 Bf5 4.
Bg2 e6 5. O-O h6 6. c3 c6 7. Nbd2 Nbd7 8. Re1 Bd6 9. Nh4 Bh7 10.
e4 dxe4 11. Nxe4 Nxe4 12. Bxe4 Bxe4 13. Rxe4 Nf6 14. Re1 O-O 15. Qf3 Rb8 16. Bd2 c5 17. dxc5 Bxc5 18. Rad1 Nd7 19. Bf4 e5 20. Bc1 Be7 21.
Nf5 Bf6 22. Qg4 Bg5 23. Rxd7 Qxd7 24. Nxh6+ Bxh6 25. Qxd7 Bxc1 26. Rxc1 Rbd8 27. Qf5 Rd2 28. Rc2 Rd1+ 29. Kg2 Rfd8 30. Qxe5 Ra1 31. a3 Rdd1 32.
h3 Kh7 33. Qh5+ Kg8 34. Re2 Kf8 35. Qh8# 1-0

[Event "*** Titled Tuesday Blitz"]
[Site "Chess.com"]
[Date "2021.02.16"]
[Round "7"]
[White "jacky72"]
[Black "CSB7"]
[Result "1/2-1/2"]
[WhiteElo "2694"]
[BlackElo "2544"]
[TimeControl "180+1"]
[EndTime "11:16:49 PST"]
[Termination "Game drawn by agreement"]

1. d4 Nf6 2. c4 g6 3. Nc3 d5 4.
Nf3 Bg7 5. h4 dxc4 6. e4 c5 7. d5 O-O 8. Bxc4 b5 9. Bxb5 Nxe4 10.
Nxe4 Qa5+ 11. Nc3 Bxc3+ 12. bxc3 Qxb5 13. Bg5 Qc4 14. Bxe7 Re8 15. d6 Nc6 16. Nd2 Qe6+ 17. Qe2 Nxe7 18. Qxe6 Bxe6 19. dxe7 Rxe7 20. O-O Rd8 21.
Nb3 Bxb3 22. axb3 Rd3 23. Rfc1 Rb7 24. h5 Kg7 25. hxg6 hxg6 26. b4 cxb4 27. cxb4 Rd4 28. b5 Rd5 29. Rcb1 Rdxb5 30. Rxb5 Rxb5 31. Rxa7 1/2-1/2

[Event "*** Titled Tuesday Blitz"]
[Site "Chess.com"]
[Date "2021.02.16"]
[Round "7"]
[White "Kislov_Oleg"]
[Black "PavelShkapenko"]
[Result "0-1"]
[WhiteElo "2537"]
[BlackElo "2706"]
[TimeControl "180+1"]
[EndTime "11:16:55 PST"]
[Termination "PavelShkapenko won by resignation"]

1. e4 e5 2. Nf3 Nc6 3. d4 exd4 4. Nxd4 Bc5 5. Be3 Qf6 6. c3 Nge7 7. Bc4 O-O 8. Nc2 Bb6 9. O-O Qg6 10. Nd2 d6 11. f4 Kh8 12. f5 Qg5 13. Qe2 Bxe3+ 14. Nxe3 Ne5 15. Nf3 Nxf3+ 16. Rxf3 Qh4 17. Rh3 Qxe4 18.
Qh5 Bxf5 19. Nxf5 Qxf5 20. Qxf5 Nxf5 21. Bd3 Nh6 22. Rh5 Rae8 23. h3 Re5 24. Rxe5 dxe5 25. Be4 Rd8 26. Bxb7 Rb8 27. Rd1 Rxb7 0-1

[Event "*** Titled Tuesday Blitz"]
[Site "Chess.com"]
[Date "2021.02.16"]
[Round "7"]
[White "Cuajada_Zero"]
[Black "Evachess2006"]
[Result "1-0"]
[WhiteElo "2238"]
[BlackElo "1606"]
[TimeControl "180+1"]
[EndTime "11:16:55 PST"]
[Termination "Cuajada_Zero won by resignation"]

1. d4 d5 2. c4 dxc4 3. e4 Nf6 4. e5 Nd5 5. Bxc4 Bf5 6. Ne2 e6 7. O-O Be7 8. Nbc3 Nxc3 9. bxc3 O-O 10. Ng3 Bg6 11. Be3 Nd7 12. f4 a6 13. f5 exf5 14. Nxf5 Bxf5 15. Rxf5 b5 16. Bb3 c5 17. Qf3 c4 18.
Bc2 Qc7 19. Rf1 f6 20. Rh5 g6 21. Rxh7 fxe5 22. Qh3 Rxf1+ 23. Kxf1 Rf8+ 24. Kg1 Nf6 25. Bxg6 Nd5 26. Qe6+ 1-0

[Event "*** Titled Tuesday Blitz"]
[Site "Chess.com"]
[Date "2021.02.16"]
[Round "7"]
[White "12teen"]
[Black "jefferyx"]
[Result "0-1"]
[WhiteElo "2870"]
[BlackElo "2994"]
[TimeControl "180+1"]
[EndTime "11:16:56 PST"]
[Termination "jefferyx won by resignation"]

1. b3 d5 2. Bb2 Bg4 3. Nf3 e6 4. e3 Nf6 5. Be2 Nbd7 6. d4 Ne4 7.
Nbd2 f5 8. Nxe4 fxe4 9. Nd2 Bxe2 10. Qxe2 Bb4 11. c3 Bd6 12. O-O O-O 13. f3 Qh4 14. g3 Qh5 15. c4 Bb4 16. Rad1 Bxd2 17. Rxd2 exf3 18. Qd1 g5 19. e4 g4 20. cxd5 exd5 21.
e5 Rae8 22. Qc2 c6 23. Ba3 Rf7 24. Bd6 Qg5 25. Re1 Re6 26. Rf2 h5 27. b4 h4 28.
Qc1 Qh5 29. gxh4 Qxh4 30. Qe3 g3 0-1

[Event "*** Titled Tuesday Blitz"]
[Site "Chess.com"]
[Date "2021.02.16"]
[Round "7"]
[White "MergenKakabaev"]
[Black "Lion-Al-Messi"]
[Result "1-0"]
[WhiteElo "2393"]
[BlackElo "2499"]
[TimeControl "180+1"]
[EndTime "11:16:56 PST"]
[Termination "MergenKakabaev won by resignation"]

1. e4 e6 2. d4 d5 3. e5 c5 4. c3 Nc6 5. Nf3 Bd7 6. a3 b5 7. Bd3 Nge7 8. O-O Nf5 9. Bxf5 exf5 10. dxc5 Bxc5 11. Qxd5 Bb6 12. Bg5 Qc7 13. Rd1 Be6 14. Qxb5 O-O 15. Nbd2 Rab8 16. Qe2 Na5 17. b4 Nb3 18.
Nxb3 Bxb3 19. Rdc1 Bc4 20. Qd2 h6 21. Be3 Rbd8 22. Bxb6 axb6 23. Qf4 Bd3 24. c4 Be4 25. c5 b5 26. Rd1 Bxf3 27. gxf3 Rde8 28. Rd6 f6 29.
Re1 Qe7 30. e6 g6 31. Qxh6 Qg7 32. Qxg7+ Kxg7 33. Rd7+ Kh6 34. e7 Rf7 35. c6 Kg5 36. c7 Rh7 37. Rd8 1-0

[Event "*** Titled Tuesday Blitz"]
[Site "Chess.com"]
[Date "2021.02.16"]
[Round "7"]
[White "LileKoridze"]
[Black "delphin11"]
[Result "0-1"]
[WhiteElo "2371"]
[BlackElo "2644"]
[TimeControl "180+1"]
[EndTime "11:17:01 PST"]
[Termination "delphin11 won by resignation"]

1. d4 Nf6 2. c4 g6 3. Nc3 Bg7 4. e4 d6 5. Nf3 O-O 6. Be2 e5 7. O-O Nbd7 8. Be3 c6 9. Qc2 exd4 10. Nxd4 Re8 11. Rad1 a6 12. Bf4 Qe7 13. Rfe1 Ne5 14. b4 Bd7 15. b5 axb5 16. cxb5 Ra3 17. bxc6 bxc6 18. Nf3 Nh5 19. Bd2 Nxf3+ 20. Bxf3 Qe5 21. Nb1 Rxf3 22. gxf3 Nf4 23. Kh1 Qh5 24. Bxf4 Qxf3+ 25. Kg1 Bh3 0-1

[Event "*** Titled Tuesday Blitz"]
[Site "Chess.com"]
[Date "2021.02.16"]
[Round "7"]
[White "Smile2005"]
[Black "bylavochka"]
[Result "1-0"]
[WhiteElo "2348"]
[BlackElo "2091"]
[TimeControl "180+1"]
[EndTime "11:17:01 PST"]
[Termination "Smile2005 won on time"]

1. Nf3 g6 2. g3 Bg7 3. Bg2 c5 4. O-O Nc6 5. d3 e6 6. e4 Nge7 7. Nc3 O-O 8. Be3 d6 9. d4 cxd4 10. Nxd4 a6 11. Qd2 Qc7 12. Rad1 Ne5 13. Qe2 N7c6 14.
Nxc6 Nxc6 15. Na4 b5 16. Nb6 Rb8 17. Nxc8 Rfxc8 18. c3 Na5 19. Bf4 e5 20. Be3 Rd8 21.
Rd5 Nc4 22. Bc1 Nb6 23. Rd3 Rd7 24. Rfd1 Rbd8 25. Bh3 Re7 26. Bg5 f6 27. Bc1 h6 28.
Qg4 Kh7 29. Qe2 Nc4 30. Bg4 h5 31. Bh3 Nb6 32. g4 hxg4 33. Qxg4 Nd7 34. Rxd6 f5 35. exf5 Nf6 36. Qh4+ Nh5 37. fxg6+ Kh8 38. Qxh5+ 1-0

[Event "*** Titled Tuesday Blitz"]
[Site "Chess.com"]
[Date "2021.02.16"]
[Round "7"]
[White "Korchmar_Vasiliy"]
[Black "GigaQuparadze"]
[Result "0-1"]
[WhiteElo "2621"]
[BlackElo "2929"]
[TimeControl "180+1"]
[EndTime "11:17:04 PST"]
[Termination "GigaQuparadze won on time"]

1. e4 c5 2. Nf3 Nc6 3. d4 cxd4 4. Nxd4 Qc7 5. Nc3 e6 6. g3 Nf6 7. Bg2 a6 8. O-O d6 9. Nb3 Bd7 10. Be3 Ne5 11. Qe2 Be7 12. Rad1 O-O 13. f4 Nc4 14.
Bc1 b5 15. a3 Rac8 16. Rd3 Rfd8 17. g4 Be8 18. g5 Nd7 19. Rh3 Nf8 20. f5 d5 21. f6 Bc5+ 22. Nxc5 Qxc5+ 23. Kh1 d4 24. fxg7 Kxg7 25. g6 Nxg6 26. Bh6+ Kg8 27. Nd1 Qe5 28. Nf2 Ne3 29. Bxe3 dxe3 30. Ng4 Qd4 31. Nf6+ Kf8 32. Nxh7+ Ke7 33. Rxe3 Qd2 34. Qf3 Rxc2 35. Qf6+ Kd7 0-1

[Event "*** Titled Tuesday Blitz"]
[Site "Chess.com"]
[Date "2021.02.16"]
[Round "7"]
[White "esrosenberg"]
[Black "figo13"]
[Result "1-0"]
[WhiteElo "2121"]
[BlackElo "2286"]
[TimeControl "180+1"]
[EndTime "11:17:04 PST"]
[Termination "esrosenberg won by resignation"]

1. Nf3 Nf6 2. c4 c5 3. d4 b6 4. d5 e6 5. Nc3 exd5 6. Nxd5 Nxd5 7. Qxd5 Nc6 8. Ne5 Nxe5 9. Qxa8 Nxc4 10. Qe4+ Be7 11. Qxc4 d5 12. Qc2 g6 13. Bh6 Bf5 14.
Qa4+ Bd7 15. Qxa7 Bf6 16. O-O-O Bc6 17. e4 Bg5+ 18. Bxg5 Qxg5+ 19. Rd2 O-O 20. Qxb6 dxe4 21. Qxc6 Rd8 22. Bd3 Rxd3 23. Rd1 Kg7 24. Qxe4 c4 25. f4 1-0

[Event "*** Titled Tuesday Blitz"]
[Site "Chess.com"]
[Date "2021.02.16"]
[Round "7"]
[White "PavelChernomordik"]
[Black "AliKa2810"]
[Result "0-1"]
[WhiteElo "2387"]
[BlackElo "2547"]
[TimeControl "180+1"]
[EndTime "11:17:05 PST"]
[Termination "AliKa2810 won by resignation"]

1. e4 c6 2. Nc3 d5 3. Qf3 dxe4 4. Nxe4 Nd7 5. Qe2 e6 6. d4 Ngf6 7. c3 Nxe4 8. Qxe4 Nf6 9. Qc2 h6 10. Nf3 Bd6 11. Bd3 O-O 12. Bd2 c5 13. O-O-O cxd4 14.
Nxd4 a6 15. f4 Qc7 16. Rdf1 b5 17. g4 Nxg4 18. Rhg1 f5 19. Qb3 Qf7 20. Re1 e5 21.
fxe5 Nxe5 22. Bxf5 Qxb3 23. axb3 Bxf5 24. Bxh6 Nd3+ 25.
Kd2 Nxe1 26. Bxg7 Bxh2 27. Rxe1 Kxg7 0-1

[Event "*** Titled Tuesday Blitz"]
[Site "Chess.com"]
[Date "2021.02.16"]
[Round "7"]
[White "northridgehawk"]
[Black "guillembaches"]
[Result "0-1"]
[WhiteElo "2335"]
[BlackElo "2459"]
[TimeControl "180+1"]
[EndTime "11:17:06 PST"]
[Termination "guillembaches won by resignation"]

1. e4 c5 2. Nf3 d6 3. g3 Nc6 4.
Bg2 g6 5. O-O Bg7 6. c3 Bg4 7.
h3 Bxf3 8. Qxf3 Nf6 9. d3 O-O 10. Bg5 Nd7 11. Nd2 b5 12. Qe2 Rb8 13. f4 Qc7 14.
Rac1 b4 15. Nc4 bxc3 16. bxc3 Nb6 17. Ne3 e6 18. f5 f6 19. Bf4 e5 20. fxg6 hxg6 21.
Qg4 exf4 22. Rxf4 Ne5 23. Qe2 c4 24. dxc4 Nexc4 25. Ng4 Ne5 26. Rcf1 Nbd7 27. Qd2 Qc6 28. h4 Nxg4 29. Rxg4 Ne5 30. Rxg6 Nxg6 31. e5 Qc5+ 32. Kh2 Nxe5 33. Rf5 Ng4+ 34. Kh3 Qxf5 0-1

[Event "*** Titled Tuesday Blitz"]
[Site "Chess.com"]
[Date "2021.02.16"]
[Round "7"]
[White "Rsnr"]
[Black "igorcadilhac"]
[Result "1-0"]
[WhiteElo "2767"]
[BlackElo "2361"]
[TimeControl "180+1"]
[EndTime "11:17:07 PST"]
[Termination "Rsnr won by resignation"]

1. b3 e5 2. Bb2 Nc6 3. e3 Nf6 4. Bb5 Bd6 5. Na3 Na5 6. Be2 a6 7. Nf3 Qe7 8. Nb1 b5 9. d4 e4 10.
Nfd2 O-O 11. c4 bxc4 12. bxc4 c5 13. d5 Be5 14. Nc3 Rb8 15. Qc2 d6 16. Rb1 Bf5 17. O-O Rb7 18. Na4 Rfb8 19. Bxe5 Qxe5 20. Rxb7 Rxb7 21. Rb1 Bg4 22. Bf1 Bd7 23. Rxb7 Nxb7 24.
Nb6 Ng4 25. g3 Qh5 26. h3 Ne5 27. Nxd7 Nxd7 28. Qxe4 Kf8 29. Qb1 Nd8 30. Ne4 Qe5 31.
Bd3 g6 32. f4 Qe7 33. Qb2 f6 34. Kf2 Kf7 35. g4 Nf8 36. Qb6 1-0

[Event "*** Titled Tuesday Blitz"]
[Site "Chess.com"]
[Date "2021.02.16"]
[Round "7"]
[White "tusplingher"]
[Black "The_Machine04"]
[Result "0-1"]
[WhiteElo "2301"]
[BlackElo "2450"]
[TimeControl "180+1"]
[EndTime "11:17:07 PST"]
[Termination "The_Machine04 won by resignation"]

1. e4 d6 2. d4 Nf6 3. Nc3 e5 4. Nf3 Nbd7 5. Bc4 Be7 6. O-O c6 7. a4 h6 8. h3 Qc7 9. Be3 Nf8 10.
d5 g5 11. dxc6 bxc6 12. Re1 Ng6 13. Nh2 Nf4 14. Bxf4 gxf4 15. Ng4 Nxg4 16. hxg4 Rg8 17. f3 Qb6+ 18. Kf1 h5 19. gxh5 Rh8 20. Nd5 Qc5 21.
Qd3 cxd5 22. Bxd5 Rb8 23. b4 Rxb4 24. Rab1 Rxh5 25. Rxb4 Qxb4 26. Bc6+ Kf8 27. Ke2 Be6 28. Bb5 Rh2 29. Rg1 Qc5 30. Kf1 Bd8 31. c4 Bb6 32.
Ke2 Qxg1 33. Qxd6+ Kg8 34. Qb8+ Kh7 35. Qxe5 Rxg2+ 0-1

[Event "*** Titled Tuesday Blitz"]
[Site "Chess.com"]
[Date "2021.02.16"]
[Round "7"]
[White "Vasily85"]
[Black "EvgenyRomanov"]
[Result "0-1"]
[WhiteElo "2438"]
[BlackElo "2611"]
[TimeControl "180+1"]
[EndTime "11:17:08 PST"]
[Termination "EvgenyRomanov won by resignation"]

1. d4 d5 2. Nc3 Nf6 3. Bf4 c5 4.
e3 cxd4 5. exd4 a6 6. Nf3 Bg4 7. h3 Bxf3 8. Qxf3 Nc6 9. O-O-O e6 10. g4 Qb6 11. Be3 Bb4 12. Ne2 Rc8 13. Kb1 Na5 14.
Nc1 Nc4 15. Bxc4 Rxc4 16. Nd3 Ne4 17. Ka1 O-O 18. Rc1 Rfc8 19. Ne5 R4c7 20. Qe2 Nc3 21. Qd3 Qa5 22. a3 Bxa3 23. bxc3 Rxc3 24. Qd2 Bxc1+ 0-1

[Event "*** Titled Tuesday Blitz"]
[Site "Chess.com"]
[Date "2021.02.16"]
[Round "7"]
[White "Problematique_99"]
[Black "Supernotar"]
[Result "1-0"]
[WhiteElo "2463"]
[BlackElo "2736"]
[TimeControl "180+1"]
[EndTime "11:17:10 PST"]
[Termination "Problematique_99 won by resignation"]

1. e4 c6 2. Nf3 d5 3. d3 g6 4. Nbd2 Bg7 5. g3 e5 6. Bg2 Ne7 7. O-O O-O 8. Re1 Nd7 9. b3 d4 10. Bb2 c5 11. a4 Nc6 12. Nc4 Qc7 13. Bc1 b6 14. Rf1 Bb7 15. Bh3 Rae8 16. Bd2 a6 17. Nh4 b5 18. axb5 axb5 19. Na5 Nxa5 20. Rxa5 Bc6 21.
Qa1 Ra8 22. Rxa8 Rxa8 23. Qb2 Qa7 24. Rb1 Qa2 25. Nf3 Qxb2 26. Rxb2 Ra1+ 27. Kg2 Nb6 28.
c3 dxc3 29. Bxc3 f6 30. b4 Bf8 31. Be6+ Kg7 32. bxc5 Bxc5 33. Rc2 Rd1 34. Nxe5 Be8 35. Ng4 Be7 36. Bxf6+ Bxf6 37. Rc7+ Kf8 38. Nxf6 1-0